 Dungeon Crawl Stone Soup version 0.21.1-1-g345015fe64 (webtiles) character file.

193 Redear the Insei (level 5, 0/25 HPs)
             Began as a Vine Stalker Transmuter on Mar 9, 2018.
             Killed by divine providence
             ... invoked by an orc priest
              (6 damage)
             ... on level 3 of the Dungeon.
             The game lasted 00:18:37 (3304 turns).

Redear the Insei (Vine Stalker Transmuter)          Turns: 3304, Time: 00:18:38

Health: 0/25       AC:  3    Str: 12    XL:     5   Next: 72%
Magic:  0/9        EV: 11    Int: 16    God:
Gold:   109        SH:  0    Dex: 16    Spells: 7/8 levels left

rFire    . . .     SeeInvis .     - Unarmed
rCold    . . .     Gourm    .   (no shield)
rNeg     . . .     Faith    .   f - +0 leather armour
rPois    .         Spirit   +   (no helmet)
rElec    .         Reflect  .   (no cloak)
rCorr    .         Harm     .   (no gloves)
MR       .....                  (no boots)
Stlth    +.........             (no amulet)
HPRegen  0.48/turn              k - +3 ring of intelligence
MPRegen  0.11/turn              (no ring)

@: appendage (expiring), drained
A: fangs 2, horns 2, regeneration 1, magic shield, antimagic bite, no potion
heal 3, rot immunity
a: End Transformation


You were on level 3 of the Dungeon.
You were very hungry.
You had grown temporary horns.
You visited 1 branch of the dungeon, and saw 3 of its levels.

You collected 109 gold pieces.

Inventory:

Hand Weapons
 t - a +0 blowgun
Missiles
 a - 12 arrows
 u - 13 poisoned needles
Armour
 b - a +0 robe
 f - a +0 leather armour (worn)
 h - a +0 leather armour
 j - a +0 chain mail
 o - a +0 scale mail
Jewellery
 k - a +3 ring of intelligence (left hand)
Wands
 r - a wand of disintegration (15)
Scrolls
 g - a scroll of enchant weapon {unknown}
 i - a scroll of random uselessness {unknown}
 l - 2 scrolls of fear {unknown}
 m - a scroll of teleportation {unknown}
 n - 2 scrolls of remove curse {unknown}
Potions
 e - a potion of brilliance {unknown}
 q - a potion of might {unknown}
 s - a potion of curing {unknown}
Books
 c - a book of Changes

   Spells                             Type                      Level
   a - Beastly Appendage              Transmutation                1
   b - Sticks to Snakes               Transmutation                2
   c - Spider Form                    Transmutation/Poison         3
   d - Ice Form                       Ice/Transmutation            4
   e - Blade Hands                    Transmutation                5
Comestibles
 d - 2 rations
 p - 4 chunks of flesh


   Skills:
 - Level 1.1(0.6) Fighting
 - Level 0.1(0.0) Armour
 - Level 1.5(1.1) Dodging
 - Level 0.5(0.1) Stealth
 + Level 6.0(5.5) Unarmed Combat
 - Level 2.3(1.8) Spellcasting
 - Level 2.0(1.5) Transmutations


You had 7 spell levels left.
You knew the following spells:

 Your Spells              Type           Power        Failure   Level  Hunger
a - Beastly Appendage     Tmut           #.....       14%         1    ##.....


Dungeon Overview and Level Annotations

Branches:
Dungeon (3/15)

Altars:
Wu Jian
Xom

Annotations:
D:3 ysobel's ghost, amateur MfGl


Innate Abilities, Weirdness & Mutations

You have extremely sharp teeth.
Your natural rate of healing is unusually fast.
When hurt, damage is shared between your health and your magic reserves.
Your bite disrupts and absorbs the magic of your enemies.
Potions cannot restore your health.
You are immune to rotting.
You have a pair of horns on your head.


Message History

The orc priest shouts!
The orc throws a stone.
The stone hits you.
You see here a stone.
You closely miss the orc warrior. Your headbutt misses the orc warrior.
Your bite misses the orc warrior.
You are feeling very hungry.
The orc warrior misses you.
An orc comes into view. It is wielding a trident.
You hit the orc warrior but do no damage.
The orc warrior hits you with a morningstar of draining!!
Ouch! That really hurt!
* * * LOW HITPOINT WARNING * * *
You feel drained.
* * * LOW HITPOINT WARNING * * *
Your transformation is almost over.
The orc throws a stone.
The stone closely misses you.
The orc priest looks satisfied for a moment.
The orc priest invokes the aid of Beogh against you.
Beogh smites you!
You die...

......o....##..
...$........# .# ..........
#.# #......## # #.#
####.!....# #. #.###
####o.(o..##.####
#.####...###..o.o..#..#..)..
#.....##..........###.......
###.......@..o#.......#####
#.....####..#....###..).##
#<###......#....## ####..##
#....# ..####...#.## #....
##....#... ........ ###..
....#...#########.#.. ##.
..### ... .### #. ...# ...#
# .# ### .##.# #.


You could see an orc warrior, 2 orc priests and 2 orcs.

Vanquished Creatures
  An ogre (D:2)
  Terence (D:2)
  2 adders (D:2)
  3 worms
  3 dart slugs
  A leopard gecko (D:2)
  A ball python (D:1)
  3 bat skeletons (D:2)
  2 giant cockroaches (D:2)
  3 goblins
  7 hobgoblins
  A quokka (D:2)
  6 bats
  2 frilled lizards
  2 jackal skeletons (D:2)
  7 kobolds
  7 rats
  A withered plant (D:2)
53 creatures vanquished.

Notes
Turn   | Place    | Note
-------+----------+-------------------------------------------
     0 | D:1      | Redear the Vine Stalker Transmuter began the quest for the Orb.
     0 | D:1      | Reached XP level 1. HP: 9/9 MP: 4/4
   561 | D:1      | Found an ornate altar of the Wu Jian Council.
   596 | D:1      | Reached skill level 1 in Fighting
   600 | D:1      | Reached XP level 2. HP: 9/14 MP: 6/6
  1223 | D:1      | Found a radiant altar of Vehumet.
  1226 | D:1      | Found a sacrificial altar of Ru.
  1226 | D:1      | Found a deep blue altar of Sif Muna.
  1228 | D:1      | Found a shimmering altar of Xom.
  1228 | D:1      | Found a hazy altar of Hepliaklqana.
  1228 | D:1      | Found an ancient bone altar of Kikubaaqudgha.
  1673 | D:2      | Reached XP level 3. HP: 16/18 MP: 7/7
  1842 | D:2      | Noticed Terence
  1860 | D:2      | Killed Terence
  1860 | D:2      | Reached skill level 4 in Unarmed Combat
  1901 | D:2      | Gained mutation: Your natural rate of healing is unusually fast. [Vine Stalker growth]
  1901 | D:2      | Reached XP level 4. HP: 19/22 MP: 6/8
  1997 | D:2      | Noticed an ogre
  2523 | D:2      | Killed an ogre
  2523 | D:2      | Reached skill level 5 in Unarmed Combat
  2523 | D:2      | Reached XP level 5. HP: 25/25 MP: 9/9
  3092 | D:3      | Reached skill level 6 in Unarmed Combat
  3132 | D:3      | Noticed ysobel's ghost (amateur MfGl)
  3293 | D:3      | Noticed an orc warrior
  3304 | D:3      | Killed from afar by an orc priest

Skill      XL: |  1  2  3  4  5 |
---------------+----------------+-----
Fighting       | 1 |  1.1
Unarmed Combat | 4 5 6 |  6.0
Armour         | |  0.1
Dodging        | |  1.5
Stealth        | |  0.5
Spellcasting   | |  2.3
Transmutations | |  2.0

Action                   |  1- 3 |  4- 6 || total
-------------------------+-------+-------++-------
Melee: Unarmed           |   104 |   141 ||   245
       Bite              |    24 |    46 ||    70
       Kick              |     2 |     6 ||     8
       Punch             |     2 |     3 ||     5
       Headbutt          |       |     9 ||     9
 Cast: Beastly Appendage |     8 |    10 ||    18
  Eat: Chunk             |     3 |     1 ||     4
       Ration            |       |     1 ||     1
Armor: Leather armour    |     6 |    20 ||    26
       Robe              |     1 |       ||     1
       Chain mail        |    50 |    36 ||    86
Dodge: Dodged            |    42 |    58 ||   100
